AoeStats
← James Bondski

Lombardia

510269452Analyzed
4v4 RM · 1d ago on Sep 30, 2026· 67m 35s· 8 players
Game mode
Random Map
Map size
Large (8 player)
Population
200
Speed
Normal
Resources
Standard
Victory
Conquest
Starting age
Dark Age
Ending age
Imperial Age
RankedLock teamsTeams togetherTeam positionsShared explorationLock speedFull tech treeHidden civsTurbo modeCheats
Victory
Defeat
🇺🇸 Goths · United States
950
+15
🇳🇱 Spanish · Netherlands
913
+16
🇫🇷 Vietnamese · France
898
+17
🇲🇽 Teutons · Mexico
880
+18
🇳🇿 Bohemians · New Zealand
1100
-23
🇨🇳 Vikings · China
923
-37
833
-13
🇦🇷 Mongols · Argentina
827
-13
Actiweed1
0:31 Loom
14:08 Feudal Age
16:08 Wheelbarrow
15:20 Double-Bit Axe
15:18 Horse Collar
22:58 Castle Age
22:34 Gold Mining
22:41 Town Watch
23:01 Padded Archer Armor
23:37 Crossbowman
25:55 Fletching
27:10 Stone Mining
28:57 Pikeman
29:43 Arson
31:49 Bodkin Arrow
32:50 Forging
32:41 Scale Mail Armor
33:43 Fortified Wall
33:51 Scale Mail Armor
36:28 Leather Archer Armor
39:10 Imperial Age
37:05 Hand Cart
37:05 Heavy Plow
38:52 Ballistics
39:30 Thumb Ring
40:54 Crop Rotation
40:46 Bow Saw
41:42 Chemistry
41:03 Masonry
41:18 Elite Skirmisher
42:08 Bracer
42:39 Ring Archer Armor
42:46 Ring Archer Armor
42:04 Imperial Skirmisher
43:31 Elite Rattan Archer
47:29 Paper Money
47:49 Murder Holes
47:44 Heated Shot
47:35 Treadmill Crane
50:38 Caravan
56:29 Stone Shaft Mining
56:02 Town Patrol
59:19 Iron Casting
58:59 Chain Mail Armor
58:48 Squires
58:09 Halberdier
63:58 Elite Battle Elephant
64:49 Bloodlines
64:40 Husbandry
67:26 Scale Barding Armor
James Bondski
8:03 Loom
11:49 Feudal Age
14:08 Double-Bit Axe
21:02 Horse Collar
23:58 Castle Age
22:51 Forging
22:41 Scale Mail Armor
25:18 Scale Barding Armor
25:06 Fletching
25:16 Padded Archer Armor
29:25 Wheelbarrow
29:34 Gold Mining
29:43 Stone Mining
33:07 Chain Barding Armor
33:22 Iron Casting
35:11 Ballistics
39:32 Imperial Age
37:19 Hand Cart
36:52 Town Watch
37:19 Bloodlines
38:59 Stone Shaft Mining
39:36 Cavalier
40:54 Plate Barding Armor
40:59 Pikeman
41:40 Squires
41:59 Chain Mail Armor
41:40 Bodkin Arrow
42:09 Crenellations
41:37 Paladin
42:48 Fortified Wall
43:16 Capped Ram
43:20 Halberdier
46:56 Town Patrol
49:52 Chemistry
52:44 Conscription
57:14 Arson
60:26 Leather Archer Armor
61:12 Blast Furnace
60:43 Plate Mail Armor
62:11 Bombard Tower
63:08 Elite Skirmisher
64:13 Imperial Skirmisher
66:06 Man-at-Arms
66:31 Gambesons
Spicy Boy
0:29 Loom
11:11 Feudal Age
13:06 Wheelbarrow
12:16 Town Watch
12:18 Double-Bit Axe
12:16 Horse Collar
16:41 Stone Mining
24:33 Castle Age
23:52 Gold Mining
26:06 Bow Saw
26:01 Heavy Plow
26:18 Hand Cart
26:05 Town Patrol
32:06 Forging
31:56 Scale Mail Armor
36:34 Imperial Age
34:26 Anarchy
35:39 Iron Casting
35:20 Chain Mail Armor
35:00 Treadmill Crane
36:50 Squires
36:11 Pikeman
39:04 Two-Man Saw
38:37 Crop Rotation
40:15 Blast Furnace
39:55 Conscription
39:36 Perfusion
41:27 Masonry
41:00 Elite Huskarl
43:19 Fletching
46:24 Halberdier
47:13 Bodkin Arrow
53:48 Caravan
54:24 Architecture
Maximumraver
8:18 Loom
10:22 Feudal Age
12:54 Town Watch
17:23 Horse Collar
17:34 Double-Bit Axe
19:53 Wheelbarrow
22:06 Castle Age
23:48 Husbandry
23:59 Bloodlines
24:32 Heavy Plow
26:27 Town Patrol
27:48 Gold Mining
29:09 Light Cavalry
30:16 Hand Cart
31:41 Caravan
35:44 Imperial Age
36:40 Cavalier
37:24 Scale Mail Armor
37:33 Scale Barding Armor
37:40 Forging
39:54 Chain Barding Armor
38:56 Hussar
43:44 Conscription
44:32 Paladin
52:23 Plate Barding Armor
52:25 Iron Casting
56:08 Blast Furnace
_132_Ñandu_Arg
3:30 Loom
13:10 Feudal Age
15:43 Double-Bit Axe
18:07 Castle Age
16:06 Horse Collar
19:57 Fletching
22:11 Wheelbarrow
27:22 Hand Cart
29:45 Bodkin Arrow
29:51 Padded Archer Armor
31:24 Bow Saw
31:02 Town Watch
33:00 Leather Archer Armor
32:40 Stone Mining
33:41 Forging
36:30 Imperial Age
36:27 Thumb Ring
37:01 Scale Barding Armor
38:06 Town Patrol
38:07 Bracer
38:43 Iron Casting
38:29 Chain Barding Armor
39:07 Ballistics
40:23 Conscription
39:27 Elite Mangudai
41:31 Nomads
46:44 Blast Furnace
45:45 Scale Mail Armor
49:41 Light Cavalry
51:29 Chain Mail Armor
51:32 Bloodlines
51:28 Husbandry
52:55 Plate Mail Armor
53:45 Caravan
54:15 Coinage
53:51 Heavy Plow
55:55 Chemistry
54:52 Murder Holes
55:08 Fortified Wall
55:08 Masonry
54:42 Hussar
54:46 Elite Steppe Lancer
EmmaZNZ
3:47 Loom
11:32 Feudal Age
12:37 Double-Bit Axe
15:18 Castle Age
16:11 Bow Saw
16:43 Fervor
17:22 Sanctity
20:22 Wheelbarrow
30:29 Imperial Age
27:45 Horse Collar
29:19 Chemistry
28:04 Pikeman
29:16 Scale Mail Armor
29:51 Hand Cart
30:01 Squires
30:12 Forging
31:38 Iron Casting
31:47 Conscription
30:50 Halberdier
32:37 Wagenburg Tactics
33:07 Town Watch
35:12 Blast Furnace
37:21 Heavy Plow
38:04 Chain Mail Armor
38:52 Two-Man Saw
39:17 Plate Mail Armor
42:50 Siege Engineers
44:49 Houfnice
45:53 Ballistics
47:50 Man-at-Arms
50:12 Long Swordsman
52:28 Padded Archer Armor
55:19 Husbandry
54:41 Light Cavalry
55:55 Elite Skirmisher
56:14 Two-Handed Swordsman
57:12 Fortified Wall
56:51 Champion
62:31 Fletching
499557901
10:28 Feudal Age
11:18 Loom
14:50 Double-Bit Axe
17:06 Horse Collar
21:36 Castle Age
21:07 Man-at-Arms
22:06 Scale Mail Armor
22:34 Bow Saw
27:49 Chain Mail Armor
27:09 Long Swordsman
29:07 Forging
32:38 Crossbowman
33:17 Fletching
34:09 Iron Casting
33:36 Padded Archer Armor
36:54 Bodkin Arrow
38:51 Caravan
41:50 Imperial Age
40:42 Ballistics
41:55 Arbalester
42:39 Bracer
43:39 Blast Furnace
43:50 Chemistry
49:26 Squires
48:48 Two-Handed Swordsman
49:17 Arson
49:35 Town Watch
51:28 Plate Mail Armor
51:15 Leather Archer Armor
50:29 Champion
57:03 Ring Archer Armor
57:46 Conscription
67:03 Heavy Plow
67:36 Scale Barding Armor
此身为剑所天成
5:48 Loom
11:55 Feudal Age
13:19 Wheelbarrow
19:19 Castle Age
17:46 Double-Bit Axe
17:44 Horse Collar
21:36 Heavy Plow
24:16 Bow Saw
24:48 Gold Mining
24:48 Stone Mining
29:43 Imperial Age
28:38 Hand Cart
31:06 Conscription
30:54 Elite Varangian Guard
32:38 Two-Man Saw
32:14 Crop Rotation
31:34 Elite Cataphract
32:36 Conscription
35:03 Hoardings
34:55 Forging
34:51 Scale Barding Armor
37:17 Chemistry
36:38 Ballistics
38:22 Gold Mining
38:22 Stone Mining
39:53 Gold Shaft Mining
41:28 Logistica
41:47 Caravan
44:30 Stone Shaft Mining
47:38 Iron Casting
47:04 Scale Mail Armor
47:24 Chain Barding Armor
47:05 Padded Archer Armor
46:56 Fletching
47:08 Pikeman
47:48 Squires
47:34 Gambesons
49:21 Halberdier
53:37 Elite Varangian Guard
61:57 Husbandry
61:19 Cavalier
Connection lost

Rejoining the realm…

Still unreachable

The connection could not be restored.

Session expired

The server has moved on; the page needs a fresh start.